 Dungeon Crawl Stone Soup version 0.31-a0-1074-g0b22e4e0f1 (webtiles) character file.

Game seed: 1812225659215561549

373 grandjackal the Conjurer (level 6, -4/37 HPs)
             Began as a Tengu Conjurer on Nov 29, 2023.
             Killed by divine providence
             ... invoked by an orc priest
              (13 damage)
             ... on level 5 of the Dungeon.
             The game lasted 00:06:53 (4027 turns).

grandjackal the Conjurer (Tengu Conjurer)           Turns: 4027, Time: 00:06:53

Health: -4/37      AC:  3    Str:  7    XL:     6   Next: 71%
Magic:  14/21      EV: 12    Int: 20    God:
Gold:   198        SH:  0    Dex: 13    Spells: 4/12 levels left

rFire   . . .        o - +2 dagger (drain)
rCold   . . .        (no shield)
rNeg    . . .        a - +0 robe
rPois   .            (helmet restricted)
rElec   .            y - +0 cloak
rCorr   .            (no gloves)
SInv    .            (boots unavailable)
Will    .....        g - amulet of regeneration
Stlth   ++           i - ring of magical power
HPRegen 1.06/turn    (no ring)
MPRegen 0.17/turn

%: acrobat
@: no status effects
A: beak, talons 3, acrobatic
a: no special abilities


You were on level 5 of the Dungeon.
You visited 1 branch of the dungeon, and saw 5 of its levels.

You collected 198 gold pieces.

Inventory:

Hand Weapons
 d - a +0 falchion
 o - a +2 dagger of draining (weapon)
Missiles
 u - a throwing net
Armour
 a - a +0 robe (worn)
 y - a +0 cloak (worn)
Jewellery
 g - an amulet of regeneration (around neck)
 i - a ring of magical power (left hand)
 q - an amulet of reflection
Wands
 A - a wand of polymorph (5)
Scrolls
 e - 2 scrolls of enchant armour {unknown}
 f - a scroll of acquirement {unknown}
 h - a scroll of vulnerability {unknown}
 j - a scroll of poison
 k - 2 scrolls of fear {unknown}
 l - 6 scrolls of teleportation {unknown}
 m - a scroll of noise {unknown}
 n - 3 scrolls of identify {unknown}
 p - a scroll of torment {unknown}
 v - a scroll of blinking {unknown}
Potions
 b - a potion of magic
 c - a potion of invisibility {unknown}
 r - a potion of heal wounds {unknown}
 s - a potion of berserk rage {unknown}
 t - a potion of haste {unknown}
 w - a potion of lignification {unknown}
 x - a potion of attraction {unknown}
 z - 2 potions of curing {unknown}


   Skills:
 + Level 3.2 Fighting
 - Level 2.1 Dodging
 - Level 2.0 Stealth
 + Level 3.6 Spellcasting
 + Level 7.1 Conjurations
 + Level 1.9 Translocations


You had 4 spell levels left.
You knew the following spells:

 Your Spells              Type           Power      Damage    Failure   Level
a - Magic Dart            Conj           100%       1d8       1%          1
b - Searing Ray           Conj           64%        2d6       1%          2
c - Iskenderun's Mystic   Conj/Tloc      21%        2d6       21%         4
d - Apportation           Tloc           22%        N/A       6%          1

Your spell library contained the following spells:

 Spells                   Type           Power      Damage    Failure   Level
 Dazzling Flash           Conj/Hex       34%        N/A       10%         3
 Necrotise                Necr           12%        1d4       14%         1
 Summon Small Mammal      Summ           12%        N/A       14%         1
 Jinxbite                 Hex            6%         N/A       21%         2
 Fulminant Prism          Conj/Hex       8%         3d7       30%         4
 Vampiric Draining        Necr           3%         2d6       38%         3
 Passage of Golubria      Tloc           11%        N/A       52%         4
 Agony                    Necr           3%         N/A       98%         5
 Alistair's Intoxication  Tmut/Pois      2%         N/A       98%         5
 Silence                  Hex/Air        1%         N/A       98%         5
 Lehudib's Crystal Spear  Conj/Erth      8%         10d4      100%        8


Dungeon Overview and Level Annotations

Branches:
Dungeon (5/15)
 Temple: D:4-7

Altars:
Cheibriados
Hepliaklqana
Nemelex Xobeh
Qazlal
Sif Muna


Innate Abilities, Weirdness & Mutations

You have a beak for a mouth.
You have claws for feet.
You can magically evade attacks while moving or waiting.


Message History

The orc priest mumbles some strange prayers to Beogh against you.
Beogh smites you!
Unknown command.
Casting: Magic Dart (safe; 1% risk of failure)
Confirm with . or Enter, or press ? or * to list all spells.
Aiming: Magic Dart (safe; 1% risk of failure)
Press: ? - help, Shift-Dir - straight line, f/p - orc priest
Aim: an orc priest, wielding a +0 club and wearing a +0 leather armour (severely wounded, 100% to hit)
The magic dart hits the orc priest but does no damage.
The orc priest is severely wounded.
Unknown command.
Unknown command.
Casting: Magic Dart (safe; 1% risk of failure)
Confirm with . or Enter, or press ? or * to list all spells.
Aiming: Magic Dart (safe; 1% risk of failure)
Press: ? - help, Shift-Dir - straight line, f/p - orc priest
Aim: an orc priest, wielding a +0 club and wearing a +0 leather armour (severely wounded, 100% to hit)
The magic dart hits the orc priest.
The orc priest is almost dead.
The orc priest calls down the wrath of Beogh upon you.
Beogh smites you!
* * * LOW HITPOINT WARNING * * *
Casting: Magic Dart (safe; 1% risk of failure)
Confirm with . or Enter, or press ? or * to list all spells.
Aiming: Magic Dart (safe; 1% risk of failure)
Press: ? - help, Shift-Dir - straight line, f/p - orc priest
Aim: an orc priest, wielding a +0 club and wearing a +0 leather armour (almost dead, 100% to hit)
Okay, then.
Casting: Magic Dart (safe; 1% risk of failure)
Confirm with . or Enter, or press ? or * to list all spells.
Aiming: Searing Ray (safe; 1% risk of failure)
Press: ? - help, Shift-Dir - straight line, f/p - orc priest
Aim: an orc priest, wielding a +0 club and wearing a +0 leather armour (almost dead, 81% to hit)
The searing ray hits something but does no damage.
The searing ray hits the orc priest.
The orc priest is almost dead. (Press . to maintain the ray.)
The orc priest mumbles some strange prayers to Beogh against you.
Beogh smites you!
You die...

#... #... ..
##..# ...
#...#####
#...##...<...###.
#................
#......<.........
....##...........
. ##.[@o..o...
##.?....!..
#...#o.... ##...
.... ##... ...
.... .. ....| .
......


You could see an orc priest, an orc wizard and an orc.

Vanquished Creatures
  A water moccasin (D:4)
  Jessica (D:2)
  2 iguanas (D:4)
  Robin (D:2)
  7 adders
  2 ufetubi (D:3)
  2 dart slugs (D:3)
  3 orcs (D:4)
  5 bats
  5 endoplasms
  3 giant cockroaches
  16 goblins
  9 hobgoblins
  10 jackals
  A quokka (D:2)
  7 ball pythons
  7 frilled lizards
  7 kobolds
  6 rats
95 creatures vanquished.

Notes
Turn   | Place    | Note
-------+----------+-------------------------------------------
     0 | D:1      | grandjackal the Tengu Conjurer began the quest for the Orb.
     0 | D:1      | Reached XP level 1. HP: 10/10 MP: 4/4
   343 | D:1      | Reached XP level 2. HP: 16/16 MP: 4/6
   460 | D:1      | Learned a level 2 spell: Searing Ray
   512 | D:1      | Reached skill level 1 in Fighting
   962 | D:2      | Noticed Jessica
   966 | D:2      | Killed Jessica
   967 | D:2      | Reached XP level 3. HP: 16/21 MP: 7/7
  1042 | D:2      | Reached skill level 6 in Conjurations
  1089 | D:2      | Reached XP level 4. HP: 23/26 MP: 9/9
  1099 | D:2      | Learned a level 4 spell: Iskenderun's Mystic Blast
  1522 | D:2      | Noticed Robin
  1552 | D:2      | Killed Robin
  1889 | D:2      | Reached XP level 5. HP: 30/30 MP: 10/10
  2339 | D:3      | Found a hazy altar of Hepliaklqana.
  2341 | D:3      | Found a stormy altar of Qazlal.
  2345 | D:3      | Found a sparkling altar of Nemelex Xobeh.
  2394 | D:3      | Reached skill level 1 in Translocations
  2755 | D:3      | Found a snail-covered altar of Cheibriados.
  2787 | D:3      | Noticed a kobold brigand
  2841 | D:3      | Found a shimmering blue altar of Sif Muna.
  2848 | D:3      | Learned a level 1 spell: Apportation
  3048 | D:3      | Found a faded altar of an unknown god.
  3300 | D:4      | Reached XP level 6. HP: 36/36 MP: 11/11
  3680 | D:4      | Noticed a water moccasin
  3687 | D:4      | Killed a water moccasin
  3688 | D:4      | Reached skill level 7 in Conjurations
  4018 | D:5      | Entered Level 5 of the Dungeon
  4027 | D:5      | Killed from afar by an orc priest

Illustrated notes

Levels and vault maps discovered:
D:1:      lemuel_arrival_hallway, layout_basic
D:2:      layout_basic, uniq_robin, uniq_jessica
D:3:      layout_rooms, nicolae_overflow_squiral, minitemple, serial_bayou,
          serial_bayou_pond_a, serial_bayou_pond_c, serial_bayou_crossing,
          serial_bayou_pond_e, serial_bayou_lagoon_a, serial_bayou_shore_b,
          dilly_ecumenical_altar_fadedgnrine, hangedman_decor_clover_reticule,
          dk_noncrumbling_3, lightli_corner_chamber
D:4:      layout_loops_ring
D:5:      layout_layer_cave

Skill      XL: |  1  2  3  4  5  6 |
---------------+-------------------+-----
Fighting       | 1 2 3 |  3.2
Conjurations   | 6 7 |  7.1
Spellcasting   | 3 |  3.6
Translocations | 1 |  1.9
Dodging        | |  2.1
Stealth        | |  2.0

Action                     |  1- 3 |  4- 6 || total
---------------------------+-------+-------++-------
  Melee: Falchion          |     1 |     1 ||     2
         Peck              |     1 |     1 ||     2
         Dagger            |       |    15 ||    15
         Kick              |       |     1 ||     1
   Cast: Magic Dart        |    44 |    94 ||   138
         Searing Ray       |     1 |    12 ||    13
    Use: Scroll            |       |     1 ||     1
   Stab: Sleeping          |       |     2 ||     2
 Armour: Robe              |     6 |    20 ||    26
  Dodge: Dodged            |    23 |    37 ||    60

Table legend: (Time is in decaauts)
 A = Elapsed time spent in this place.
 B = Non-inter-level travel time spent in this place.
 C = Inter-level travel time spent in this place.
 D = Time resting spent in this place.
 E = Time spent auto-exploring this place.
 F = Levels seen in this place.
 G = Mean time per level.
                   A        B        C        D        E       F      G
               +--------+--------+--------+--------+--------+-----+--------+
         Total |   4045 |   3962 |     83 |    810 |   2636 |   5 |  809.0 |
       Dungeon |   4045 |   3962 |     83 |    810 |   2636 |   5 |  809.0 |
               +--------+--------+--------+--------+--------+-----+--------+

Top non-repeatable levels by time:
     D:2: 1293 daAuts
     D:3: 990 daAuts
     D:1: 961 daAuts
     D:4: 791 daAuts
     D:5: 8 daAuts
